| TOP OF THE 1ST |
|
Pawtucket Red Sox batting - Pitching for Scranton WB RailRiders : LHP Nate Ciccarelli
|
|
Pitching: LHP Nate Ciccarelli
|
|
|
Batting: LHB Mike Mentzer
|
0-0: Ball 1-0: Ground out 5-3 (Groundball, 6D, EV 81.9 MPH)
|
|
Batting: RHB Eric Garrett
|
0-0: Called Strike 0-1: Foul Ball, location: 2F 0-2: Fly out, F7 (Flyball, BS1, EV 93.8 MPH)
|
|
Batting: RHB Scott Treider
|
0-0: Ball 1-0: Called Strike 1-1: SINGLE (Groundball, 6MD, EV 103.8 MPH)
|
|
Batting: RHB Dave Nickerson
|
0-0: Fly out, F2 (Popup, 2LF, EV 83.8 MPH)
|
| Top of the 1st over - 0 runs, 1 hit, 0 errors, 1 left on base; Pawtucket 0 - Scranton WB 0 |
| BOTTOM OF THE 1ST |
|
Scranton WB RailRiders batting - Pitching for Pawtucket Red Sox : RHP Frank Picaso
|
|
Pitching: RHP Frank Picaso
|
|
|
Batting: RHB Bobby Melillo
|
0-0: Called Strike 0-1: DOUBLE (Line Drive, 9LS, EV 93.1 MPH)
|
|
Batting: SHB Victor Ruiz
|
0-0: Foul Ball, location: 2F 0-1: Ball 1-1: Swinging Strike 1-2: Strikes out swinging
|
|
Batting: RHB Jarrod Joyce
|
0-0: Ball 1-0: Ball 2-0: Called Strike 2-1: Foul Ball, location: 2F 2-2: Ball 3-2: SINGLE (Groundball, 6MD, EV 94.4 MPH) Bobby Melillo to third Runner from 3rd tries for Home, throw by CF and OUT! 8-2
|
|
Batting: SHB Mukhtar Wa'il
|
Pickoff Throw to First - Out! 1-3
|
| Bottom of the 1st over - 0 runs, 2 hits, 0 errors, 0 left on base; Pawtucket 0 - Scranton WB 0 |
| TOP OF THE 2ND |
|
Pawtucket Red Sox batting - Pitching for Scranton WB RailRiders : LHP Nate Ciccarelli
|
|
Batting: LHB Jarrett Mordecai
|
0-0: Fly out, F8 (Flyball, 8LM, EV 93.1 MPH)
|
|
Batting: RHB Dan Friess
|
0-0: Ball 1-0: Called Strike 1-1: Swinging Strike 1-2: Strikes out swinging
|
|
Batting: LHB Tim Fuller
|
0-0: SINGLE (Groundball, 6M, EV 96.9 MPH)
|
|
Batting: RHB Brandon Perris
|
0-0: Ball 1-0: Ball 2-0: Ball 3-0: Base on Balls Tim Fuller to second
|
|
Batting: RHB Joe Evrard
|
0-0: Ball 1-0: Ball 2-0: Foul Ball, location: 2F 2-1: Foul Ball, location: 2F 2-2: Ball 3-2: Foul Ball, location: 2F 3-2: Foul Ball, location: 2F 3-2: Fly out, F4 (Popup, 4, EV 64.4 MPH)
|
| Top of the 2nd over - 0 runs, 1 hit, 0 errors, 2 left on base; Pawtucket 0 - Scranton WB 0 |
| BOTTOM OF THE 2ND |
|
Scranton WB RailRiders batting - Pitching for Pawtucket Red Sox : RHP Frank Picaso
|
|
Batting: SHB Mukhtar Wa'il
|
0-0: Called Strike 0-1: Fly out, F8 (Flyball, 78S, EV 85.6 MPH)
|
|
Batting: RHB Scott King
|
0-0: Called Strike 0-1: SINGLE (Line Drive, 7S, EV 86.9 MPH)
|
|
Batting: LHB Dan Morris
|
0-0: TRIPLE (Line Drive, 89XD, EV 103.8 MPH) Scott King scores
|
|
Batting: SHB Edwin Dominguez
|
0-0: Fly out, F8 (Flyball, 78M, EV 82.5 MPH) Runner from 3rd tags up, SCORES, throw by CF
|
|
Batting: SHB Joe Fure
|
0-0: Ball 1-0: Ground out 6-3 (Groundball, 6, EV 81.9 MPH)
|
| Bottom of the 2nd over - 2 runs, 2 hits, 0 errors, 0 left on base; Pawtucket 0 - Scranton WB 2 |
| TOP OF THE 3RD |
|
Pawtucket Red Sox batting - Pitching for Scranton WB RailRiders : LHP Nate Ciccarelli
|
|
Batting: LHB Mike Mentzer
|
0-0: Fly out, F5 (Flyball, 5D, EV 84.4 MPH)
|
|
Batting: RHB Eric Garrett
|
0-0: Ball 1-0: Called Strike 1-1: Ground out 6-3 (Groundball, 6, EV 81.2 MPH)
|
|
Batting: RHB Scott Treider
|
0-0: Foul Ball, location: 2F 0-1: Fly out, F8 (Flyball, 8RM, EV 91.2 MPH)
|
| Top of the 3rd over - 0 runs, 0 hits, 0 errors, 0 left on base; Pawtucket 0 - Scranton WB 2 |
| BOTTOM OF THE 3RD |
|
Scranton WB RailRiders batting - Pitching for Pawtucket Red Sox : RHP Frank Picaso
|
|
Batting: RHB Jordan Barragan
|
0-0: Swinging Strike 0-1: Ball 1-1: Called Strike 1-2: Fly out, F7 (Flyball, 78M, EV 86.2 MPH)
|
|
Batting: RHB Bobby Melillo
|
0-0: Foul Ball, location: 2F 0-1: Foul Ball, location: 2F 0-2: DOUBLE (Flyball, 78D, EV 113.1 MPH)
|
|
Batting: SHB Victor Ruiz
|
0-0: Called Strike 0-1: Called Strike 0-2: Strikes out swinging
|
|
Batting: RHB Jarrod Joyce
|
0-0: Called Strike 0-1: Ball 1-1: Ball 2-1: SINGLE (Flyball, 34D, EV 98.1 MPH) Bobby Melillo to third Runner from 3rd tries for Home, throw by RF and OUT! 9-2
|
| Bottom of the 3rd over - 0 runs, 2 hits, 0 errors, 1 left on base; Pawtucket 0 - Scranton WB 2 |
| TOP OF THE 4TH |
|
Pawtucket Red Sox batting - Pitching for Scranton WB RailRiders : LHP Nate Ciccarelli
|
|
Batting: RHB Dave Nickerson
|
0-0: Called Strike 0-1: Called Strike 0-2: Strikes out looking
|
|
Batting: LHB Jarrett Mordecai
|
0-0: Called Strike 0-1: Ground out 5-3 (Groundball, 6, EV 94.4 MPH)
|
|
Batting: RHB Dan Friess
|
0-0: Ball 1-0: Foul Ball, location: 2F 1-1: Called Strike 1-2: Ball 2-2: Foul Ball, location: 2F 2-2: Ball 3-2: Foul Ball, location: 2F 3-2: Strikes out swinging
|
| Top of the 4th over - 0 runs, 0 hits, 0 errors, 0 left on base; Pawtucket 0 - Scranton WB 2 |
| BOTTOM OF THE 4TH |
|
Scranton WB RailRiders batting - Pitching for Pawtucket Red Sox : RHP Frank Picaso
|
|
Batting: SHB Mukhtar Wa'il
|
0-0: Foul Ball, location: 2F 0-1: Swinging Strike 0-2: Strikes out swinging
|
|
Batting: RHB Scott King
|
0-0: Ball 1-0: Called Strike 1-1: Foul Ball, location: 2F 1-2: Ball 2-2: Foul Ball, location: 2F 2-2: Foul Ball, location: 2F 2-2: Strikes out swinging
|
|
Batting: LHB Dan Morris
|
0-0: Ball 1-0: Ball 2-0: Ball 3-0: Called Strike 3-1: Base on Balls
|
|
Batting: SHB Edwin Dominguez
|
0-0: Ball 1-0: Foul Ball, location: 2F 1-1: Ball 2-1: Ball 3-1: SINGLE (Line Drive, 78S, EV 108.8 MPH) Dan Morris to second Runner from 2nd tries for 3rd, SAFE, throw by CF made to third
|
|
Batting: SHB Joe Fure
|
0-0: Ball 1-0: Swinging Strike 1-1: Ball 2-1: Swinging Strike 2-2: Ball 3-2: Foul Ball, location: 2F 3-2: Foul Ball, location: 2F 3-2: Base on Balls Edwin Dominguez to second
|
|
Batting: RHB Jordan Barragan
|
0-0: Fly out, F9 (Flyball, 89M, EV 96.9 MPH)
|
| Bottom of the 4th over - 0 runs, 1 hit, 0 errors, 3 left on base; Pawtucket 0 - Scranton WB 2 |
| TOP OF THE 5TH |
|
Pawtucket Red Sox batting - Pitching for Scranton WB RailRiders : LHP Nate Ciccarelli
|
|
Batting: LHB Tim Fuller
|
0-0: Ball 1-0: Ball 2-0: Called Strike 2-1: Swinging Strike 2-2: Ground out 6-3 (Groundball, 6, EV 106.9 MPH)
|
|
Batting: RHB Brandon Perris
|
0-0: Fly out, F9 (Line Drive, 9S, EV 100.0 MPH)
|
|
Batting: RHB Joe Evrard
|
0-0: Foul Ball, location: 2F 0-1: Foul Ball, location: 2F 0-2: SOLO HOME RUN (Flyball, 9D, EV 94.4 MPH), Distance : 359 ft
|
|
Batting: LHB Mike Mentzer
|
0-0: Called Strike 0-1: Ground out 1-3 (Groundball, 34S, EV 66.2 MPH)
|
| Top of the 5th over - 1 run, 1 hit, 0 errors, 0 left on base; Pawtucket 1 - Scranton WB 2 |
| BOTTOM OF THE 5TH |
|
Scranton WB RailRiders batting - Pitching for Pawtucket Red Sox : RHP Frank Picaso
|
|
Batting: RHB Bobby Melillo
|
0-0: Ball 1-0: Ball 2-0: Ball 3-0: Foul Ball, location: 2F 3-1: Foul Ball, location: 2F 3-2: Base on Balls
|
|
Batting: SHB Victor Ruiz
|
0-0: Ball 1-0: Called Strike 1-1: Ball 2-1: Called Strike 2-2: Ball 3-2: Ground out 6-3 (Groundball, 6, EV 81.2 MPH) Bobby Melillo to second
|
|
Batting: RHB Jarrod Joyce
|
0-0: Ball 1-0: Ball 2-0: Ball 3-0: Base on Balls
|
|
Batting: SHB Mukhtar Wa'il
|
0-0: Ball 1-0: Called Strike 1-1: Fly out, F7 (Flyball, 7, EV 90.6 MPH)
|
|
Batting: RHB Scott King
|
0-0: Ground out 5-3 (Groundball, 25, EV 83.8 MPH)
|
| Bottom of the 5th over - 0 runs, 0 hits, 0 errors, 2 left on base; Pawtucket 1 - Scranton WB 2 |
| TOP OF THE 6TH |
|
Pawtucket Red Sox batting - Pitching for Scranton WB RailRiders : LHP Nate Ciccarelli
|
|
Batting: RHB Eric Garrett
|
0-0: Foul Ball, location: 2F 0-1: SOLO HOME RUN (Flyball, 7D, EV 96.9 MPH), Distance : 369 ft
|
|
Batting: RHB Scott Treider
|
0-0: Foul Ball, location: 2F 0-1: Ball 1-1: DOUBLE (Line Drive, 3D, EV 99.4 MPH)
|
|
Batting: RHB Dave Nickerson
|
0-0: Foul Ball, location: 2F 0-1: Swinging Strike 0-2: Strikes out swinging
|
|
Batting: LHB Jarrett Mordecai
|
0-0: Ball 1-0: Foul Ball, location: 2F 1-1: Fly out, F7 (Line Drive, 7LM, EV 100.0 MPH)
|
|
Batting: RHB Dan Friess
|
0-0: Ball 1-0: SINGLE (Line Drive, 6D, EV 103.1 MPH) Scott Treider to third Runner from 3rd tries for Home, SAFE, throw by LF to home
|
|
Batting: LHB Tim Fuller
|
0-0: Foul Ball, location: 2F 0-1: Ball 1-1: Foul Ball, location: 2F 1-2: Fielders Choice at 2nd, 5-4 (Groundball, 5, EV 90.6 MPH)
|
| Top of the 6th over - 2 runs, 3 hits, 0 errors, 1 left on base; Pawtucket 3 - Scranton WB 2 |
| BOTTOM OF THE 6TH |
|
Scranton WB RailRiders batting - Pitching for Pawtucket Red Sox : RHP Frank Picaso
|
|
Batting: LHB Dan Morris
|
0-0: Ball 1-0: DOUBLE (Line Drive, 3D, EV 105.6 MPH)
|
|
Batting: SHB Edwin Dominguez
|
0-0: Ball Dan Morris is caught stealing 3rd base 2-5 1-0: Ball 2-0: Ball 3-0: Base on Balls
|
|
Batting: SHB Joe Fure
|
0-0: Called Strike 0-1: Ball 1-1: Ball 2-1: Called Strike Edwin Dominguez steals 2nd, throwing error, E2 Edwin Dominguez to third 2-2: Strikes out swinging
|
|
Pitching: LHP Mike Nimmo
|
|
|
Batting: RHB Jordan Barragan
|
0-0: Called Strike 0-1: Foul Ball, location: 2F 0-2: Ball 1-2: Foul Ball, location: 2F 1-2: Strikes out swinging
|
| Bottom of the 6th over - 0 runs, 1 hit, 1 error, 1 left on base; Pawtucket 3 - Scranton WB 2 |
| TOP OF THE 7TH |
|
Pawtucket Red Sox batting - Pitching for Scranton WB RailRiders : LHP Nate Ciccarelli
|
|
Batting: RHB Brandon Perris
|
0-0: Ball 1-0: Ball 2-0: Foul Ball, location: 2F 2-1: Fly out, F7 (Flyball, 7S, EV 91.9 MPH)
|
|
Batting: RHB Joe Evrard
|
0-0: Ball 1-0: Swinging Strike 1-1: Foul Ball, location: 2F 1-2: Ball 2-2: Ball 3-2: Fly out, F9 (Flyball, 89M, EV 91.9 MPH)
|
|
Batting: LHB Mike Mentzer
|
0-0: Called Strike 0-1: Called Strike 0-2: Ball 1-2: Strikes out swinging
|
| Top of the 7th over - 0 runs, 0 hits, 0 errors, 0 left on base; Pawtucket 3 - Scranton WB 2 |
| BOTTOM OF THE 7TH |
|
Scranton WB RailRiders batting - Pitching for Pawtucket Red Sox : LHP Mike Nimmo
|
|
Batting: RHB Bobby Melillo
|
0-0: Called Strike 0-1: Foul Ball, location: 2F 0-2: Strikes out swinging, 2-3 out at first.
|
|
Batting: SHB Victor Ruiz
|
0-0: Called Strike 0-1: Swinging Strike 0-2: Foul Ball, location: 2F 0-2: Ball 1-2: Ball 2-2: Ball 3-2: Foul Ball, location: 2F 3-2: Foul Ball, location: 2F 3-2: SINGLE (Flyball, 89S, EV 92.5 MPH)
|
|
Batting: RHB Jarrod Joyce
|
0-0: Called Strike 0-1: Fielders Choice at 2nd, 4-6 (Groundball, 4, EV 93.1 MPH)
|
|
Batting: SHB Mukhtar Wa'il
|
0-0: Foul Ball, location: 2F 0-1: Foul Ball, location: 2F 0-2: Strikes out swinging
|
| Bottom of the 7th over - 0 runs, 1 hit, 0 errors, 1 left on base; Pawtucket 3 - Scranton WB 2 |
| TOP OF THE 8TH |
|
Pawtucket Red Sox batting - Pitching for Scranton WB RailRiders : LHP Nate Ciccarelli
|
|
Batting: RHB Eric Garrett
|
0-0: Ball 1-0: Swinging Strike 1-1: Ball 2-1: SOLO HOME RUN (Flyball, 9LD, EV 93.8 MPH), Distance : 347 ft
|
|
Batting: RHB Scott Treider
|
0-0: Ball 1-0: Ground out 6-3 (Groundball, 6, EV 96.9 MPH)
|
|
Batting: RHB Dave Nickerson
|
0-0: Ball 1-0: Fly out, F7 (Flyball, 7LMF, EV 77.5 MPH)
|
|
Batting: LHB Jarrett Mordecai
|
0-0: Foul Ball, location: 2F 0-1: Foul Ball, location: 2F 0-2: Ball 1-2: Ground out U3 (Groundball, 34, EV 99.4 MPH)
|
| Top of the 8th over - 1 run, 1 hit, 0 errors, 0 left on base; Pawtucket 4 - Scranton WB 2 |
| BOTTOM OF THE 8TH |
|
Scranton WB RailRiders batting - Pitching for Pawtucket Red Sox : LHP Mike Nimmo
|
|
Batting: RHB Scott King
|
0-0: Called Strike 0-1: Ball 1-1: SINGLE (Line Drive, 34D, EV 99.4 MPH)
|
|
Batting: LHB Dan Morris
|
0-0: Foul Ball, location: 2F 0-1: Swinging Strike 0-2: Ball 1-2: DOUBLE (Flyball, 78XD, EV 98.1 MPH) Scott King to third
|
|
Pitching: RHP Billy Fitzgerald
|
|
|
Batting: SHB Edwin Dominguez
|
0-0: Ball 1-0: Swinging Strike 1-1: Foul Ball, location: 2F 1-2: Ball 2-2: Foul Ball, location: 2F 2-2: Strikes out swinging
|
|
Batting: SHB Joe Fure
|
0-0: Called Strike 0-1: Foul Ball, location: 2F 0-2: Strikes out swinging
|
|
Batting: RHB Jordan Barragan
|
0-0: Ball 1-0: Ground out 6-3 (Groundball, 56, EV 85.6 MPH)
|
| Bottom of the 8th over - 0 runs, 2 hits, 0 errors, 2 left on base; Pawtucket 4 - Scranton WB 2 |
| TOP OF THE 9TH |
|
Pawtucket Red Sox batting - Pitching for Scranton WB RailRiders : LHP Nate Ciccarelli
|
|
Batting: RHB Dan Friess
|
0-0: Ball 1-0: Ball 2-0: Called Strike 2-1: Ball 3-1: Base on Balls
|
|
Pitching: LHP Jose Carmona
|
|
|
Batting: LHB Tim Fuller
|
0-0: Bunt missed! 0-1: Bunted foul 0-2: Ball 1-2: Ball 2-2: Ball 3-2: Foul Ball, location: 2F 3-2: Base on Balls Dan Friess to second
|
|
Batting: RHB Brandon Perris
|
0-0: Foul Ball, location: 2F 0-1: Ball 1-1: Called Strike 1-2: Ball 2-2: Strikes out swinging
|
|
Batting: RHB Joe Evrard
|
0-0: Ball 1-0: Ball 2-0: Called Strike 2-1: Foul Ball, location: 2F 2-2: Foul Ball, location: 2F 2-2: Strikes out swinging
|
|
Batting: LHB Mike Mentzer
|
0-0: Ball 1-0: Called Strike 1-1: Ball 2-1: Foul Ball, location: 2F 2-2: Foul Ball, location: 2F 2-2: Strikes out swinging
|
| Top of the 9th over - 0 runs, 0 hits, 0 errors, 2 left on base; Pawtucket 4 - Scranton WB 2 |
| BOTTOM OF THE 9TH |
|
Scranton WB RailRiders batting - Pitching for Pawtucket Red Sox : RHP Billy Fitzgerald
|
|
Pitching: RHP Jaime Dunning
|
|
|
Batting: RHB Bobby Melillo
|
0-0: Ball 1-0: Called Strike 1-1: Swinging Strike 1-2: Ball 2-2: SINGLE (Line Drive, 89S, EV 95.6 MPH)
|
|
Batting: SHB Victor Ruiz
|
0-0: Called Strike 0-1: Ball 1-1: Swinging Strike 1-2: Strikes out swinging
|
|
Batting: RHB Jarrod Joyce
|
0-0: Swinging Strike 0-1: Foul Ball, location: 2F 0-2: Strikes out looking
|
|
Batting: SHB Mukhtar Wa'il
|
0-0: Foul Ball, location: 2F 0-1: Foul Ball, location: 2F 0-2: Foul Ball, location: 2F 0-2: Strikes out swinging
|
| Bottom of the 9th over - 0 runs, 1 hit, 0 errors, 1 left on base; Pawtucket 4 - Scranton WB 2 |
|